 Dungeon Crawl Stone Soup version 0.25-a0-731-g0472a16d6a (webtiles) character file.

Game seed: 6810733812305647310, levelgen mode: deterministic

103758 Majang the Thaumaturge (level 16, -6/139 HPs)
             Began as a Barachi Ice Elementalist on Apr 6, 2020.
             Was a High Priest of Vehumet.
             Mangled by a thorn hunter (16 damage)
             ... on level 2 of the Swamp on Apr 9, 2020.
             The game lasted 04:44:41 (38965 turns).

Majang the Thaumaturge (Barachi Ice Elementalist)  Turns: 38965, Time: 04:44:43

Health: -6/139     AC: 18    Str: 12    XL:     16   Next: 36%
Magic:  34/34      EV: 21    Int: 25    God:    Vehumet [*****.]
Gold:   769        SH:  5    Dex: 18    Spells: 18/44 levels left

rFire    + . .     SeeInvis .   b - +11 broad axe of Battle {freeze, Str+3 Int-3 Dex+3}
rCold    + + .     Gourm    .   k - +0 buckler
rNeg     . . .     Faith    .   g - +2 troll leather armour
rPois    +         Spirit   .   M - +0 helmet
rElec    .         Reflect  .   E - scarf {rC+ rF+}
rCorr    .         Harm     .   W - +0 pair of gloves
MR       +....                  C - +0 pair of boots
Stlth    ++........             (no amulet)
HPRegen  0.73/turn              L - +5 ring of intelligence
MPRegen  0.24/turn              i - ring "Kunlikes" {+Blink rPois rC+}

@: icy armour, slow
A: +LOS, swims, hooves 1, clever 1, robust 1, slowness 1, strong legs 2
a: Hop, Renounce Religion, Evoke Blink


You were on level 2 of the Swamp.
You worshipped Vehumet.
Vehumet was extremely pleased with you.
You were not hungry.

You visited 6 branches of the dungeon, and saw 24 of its levels.
You visited 1 bazaar.
You also visited: Volcano.

You collected 2492 gold pieces.
You spent 1723 gold pieces at shops.

Inventory:

Hand Weapons
 a - a +2 flail of protection
 b - the +11 broad axe of Battle (weapon) {freeze, Str+3 Int-3 Dex+3}
   (You bought it in a shop in a bazaar)

   It has been specially enchanted to freeze those struck by it, causing extra
   injury to most foes and up to half again as much damage against particularly
   susceptible opponents.
   It can also slow down cold-blooded creatures.
   It affects your strength (+3).
   It affects your intelligence (-3).
   It affects your dexterity (+3).
 r - a +2 hand axe of flaming
 x - the +12 double sword of Due Proportion {flame, +Blink rF+ Str+4}
   (You found it on level 6 of the Lair of Beasts)

   It has been specially enchanted to burn those struck by it, causing extra
   injury to most foes and up to half again as much damage against particularly
   susceptible opponents.
   Big, fiery blades are also staple armaments of hydra-hunters.
   It affects your strength (+4).
   It protects you from fire.
   It lets you blink.
 T - a +1 broad axe of venom
Missiles
 A - 183 stones
 G - 5 javelins (quivered)
Armour
 g - a +2 troll leather armour (worn)
 k - a +0 buckler (worn)
 y - +0 fire dragon scales
 z - a +2 robe of cold resistance
 C - a +0 pair of boots (worn)
 E - a scarf of resistance (worn)
 J - the +1 leather armour of Nihilism {*Slow rPois rC++ Regen+ Dex-2}
   (You bought it in a shop on level 2 of the Orcish Mines)

   It affects your dexterity (-2).
   It greatly protects you from cold.
   It protects you from poison.
   It increases your rate of regeneration.
   It may slow you when you take damage.
 M - a +0 helmet (worn)
 W - a +0 pair of gloves (worn)
Jewellery
 d - an uncursed ring of flight
 i - the ring "Kunlikes" (right hand) {+Blink rPois rC+}
   (You found it on level 2 of the Lair of Beasts)

   [ring of poison resistance]

   It protects you from cold.
   It protects you from poison.
   It lets you blink.
 j - an uncursed ring of fire
 L - a +5 ring of intelligence (left hand)
 N - an uncursed ring of positive energy
 O - a +4 ring of strength
Wands
 e - a wand of flame (14)
 t - a wand of iceblast (1)
 v - a wand of acid (23)
 F - a wand of digging (5)
Scrolls
 l - a scroll of immolation
 m - 10 scrolls of teleportation
 p - 2 scrolls of blinking
 w - 2 scrolls of amnesia
 D - 5 scrolls of remove curse
 P - a scroll of magic mapping
 R - a scroll of holy word
 S - 2 scrolls of identify
Potions
 f - 9 potions of curing
 h - 4 potions of lignification
 n - 7 potions of mutation
 o - 4 potions of brilliance
 q - 3 potions of cancellation
 s - a potion of flight
 u - 5 potions of heal wounds
 B - a potion of berserk rage
 H - 3 potions of ambrosia
 I - a potion of magic
 Q - a potion of invisibility
 V - a potion of might
Miscellaneous
 K - a lightning rod (4/4)
Comestibles
 c - 27 rations
 U - 6 chunks of flesh


   Skills:
 + Level 12.2 Fighting
 - Level 7.8(8.0) Axes
 - Level 1.9(5.3) Maces & Flails
 + Level 11.7 Dodging
 - Level 1.7 Stealth
 - Level 4.0 Shields
 * Level 14.8 Spellcasting
 + Level 9.1 Conjurations
 - Level 6.0 Charms
 * Level 1.3 Transmutations
 + Level 13.4 Ice Magic
 + Level 10.0 Earth Magic
 + Level 5.3 Evocations


You had 18 spell levels left.
You knew the following spells:

 Your Spells              Type           Power        Failure   Level  Hunger
a - Ozocubu's Armour      Chrm/Ice       ######..     1%          3    None
b - Sandblast             Erth           ######       1%          1    None
c - Stone Arrow           Conj/Erth      ######       1%          3    None
d - Statue Form           Tmut/Erth      #####....    50%         6    ####...
f - Freeze                Ice            ####         0%          1    None
h - Hailstorm             Conj/Ice       ######..     1%          4    None
l - Lee's Rapid Deconstr  Erth           ######....   1%          5    ##.....
r - Frozen Ramparts       Ice            ######       1%          3    None

Your spell library contained the following spells:

 Spells                   Type           Power        Failure   Level  Hunger
 Starburst                Conj/Fire      #####.....   22%         6    ####...
 Magic Dart               Conj           ####         1%          1    None
 Passwall                 Tmut/Erth      #####...     1%          2    None
 Conjure Flame            Conj/Fire      #####...     1%          3    None
 Mephitic Cloud           Conj/Pois/Air  ####....     1%          3    None
 Summon Ice Beast         Ice/Summ       ######..     2%          4    None
 Animate Skeleton         Necr           N/A          3%          1    None
 Pain                     Necr           ###.         3%          1    None
 Petrify                  Tmut/Erth      #####...     3%          4    None
 Irradiate                Conj/Tmut      #####.....   3%          5    ##.....
 Blink                    Tloc           N/A          6%          2    None
 Call Imp                 Summ           ###.....     6%          2    None
 Slow                     Hex            ###.....     6%          2    None
 Vampiric Draining        Necr           ###.......   12%         3    None
 Animate Dead             Necr           N/A          36%         4    None
 Agony                    Necr           ###.....     71%         5    ##.....
 Hydra Form               Tmut           ####......   97%         6    ####...
 Dragon Form              Tmut           ####......   100%        7    ######.


Dungeon Overview and Level Annotations

Branches:
Dungeon (11/15)            Temple (1/1) D:5            Lair (6/6) D:9
  Swamp (3/4) Lair:4       Spider (1/4) Lair:2        Slime (0/5) Lair:6
    Orc (2/2) D:10            Elf (0/3) Orc:2       Volcano (visited)

Altars:
Dithmenos
Hepliaklqana
Kikubaaqudgha
Qazlal
Ru
Trog
Vehumet
The Shining One
Beogh
Jiyva

Shops:
Orc:2 (=[*

Portals:
Abyss: Spider:1

Annotations:
Lair:6 1 runed translucent door
Spider:1 2 transporters, Xoang's ghost, journeyman DgFi


Innate Abilities, Weirdness & Mutations

You can be seen from farther away. (+LOS)
You can swim through water.
You cover ground slowly.
You can hop long distances.
You have large cloven feet.
Your mind is acute. (Int +2)
You are robust. (+10% HP)


Message History

The thorn hunter misses you. You block the thorn hunter's attack.
The thorn hunter hits you but does no damage.
The thorn hunter barely misses you.
You slice the thorn hunter!! You freeze the thorn hunter!
The thorn hunter is severely damaged.
You block the thorn hunter's attack. The thorn hunter completely misses you.
You slash the thorn hunter! You freeze the thorn hunter.
The thorn hunter is severely damaged.
The thorn hunter hits you! The thorn hunter hits you.
The thorn hunter barely misses you. x2
You closely miss the thorn hunter.
The thorn hunter is severely damaged.
The thorn hunter closely misses you. The thorn hunter completely misses you.
You slash the thorn hunter! You freeze the thorn hunter.
The thorn hunter is almost destroyed.
The thorn hunter fires a volley of thorns at you.
The volley of thorns hits you!!!
* * * LOW HITPOINT WARNING * * *
The thorn hunter misses you. The thorn hunter hits you!
You die...

≈.....≈≈≈≈≈...≈≈.♣ ♣..[.≈≈≈≈...≈
≈.......≈≈≈≈♣.≈≈≈♣♣♣♣♣≈§.≈≈≈≈≈...
≈..........♣♣♣...≈♣♣≈♣≈.≈≈≈≈≈≈.♣♣
≈.≈..♣≈...♣♣♣♣...♣♣♣....≈≈≈≈≈.♣♣.
..♣♣≈♣♣♣≈≈♣ ♣≈...♣ ♣.≈≈.....≈...♣
≈≈.♣♣♣ ♣♣♣♣ ♣.≈≈≈♣ ♣.≈≈..♣.≈≈≈..♣
.≈.♣ ♣.≈≈≈♣ ♣≈....♣.≈≈≈≈.♣ ≈♣♣♣
♣♣.†f♣ ♣♣..♣♣♣.≈.≈.♣. ♣♣ ♣≈.@♣
♣♣♣♣ ♣..≈≈≈.♣ ♣♣♣♣♣ ♣♣♣..≈≈.
♣♣♣...♣ ♣♣≈♣.≈.. ♣♣....≈≈♣
♣♣♣♣.≈≈≈≈..≈ ♣♣.♣...≈....^
♣≈.≈♣≈....≈≈§ ♣♣.♣≈.≈..≈...


You could see a thorn hunter.

Vanquished Creatures
  The ghost of ylver the Fighter, an adept DrFE of Sif Muna (Lair:6)
  Gastronok (D:11)
  2 orc warlords
  A stone giant (Volcano)
  The ghost of CryoSword the Markscentaur, a journeyman CeHu of Fedhas (Lair:2)
  16 hydras
  Harold (D:7)
  4 catoblepae (Lair:6)
  4 alligators
  2 two-headed ogres
  10 death yaks
  A tengu warrior (D:11)
  A deep troll earth mage (D:10)
  5 orc high priests (Orc:2)
  A shock serpent (Lair:4)
  Nergalle (D:11)
  A fire crab (Lair:6)
  2 swamp dragons
  An obsidian statue (Orc:2)
  Pikel (D:6)
  An orb spider (Spider:1)
  7 orc knights
  3 orc sorcerers (Orc:2)
  2 oklob plants (Lair:1)
  2 wolf spiders (Spider:1)
  9 elephants
  2 manticores (Lair:6)
  A moth of wrath (Lair:4)
  5 black mambas
  19 spiny frogs
  2 gargoyles (Volcano)
  A torpor snail (Spider:1)
  2 rime drakes
  10 komodo dragons
  An efreet (D:11)
  2 demonic crawlers
  6 hornets
  A polar bear (Lair:6)
  7 trolls
  3 jumping spiders (Spider:1)
  5 tyrant leeches (Swamp:1)
  8 bog bodies
  7 hippogriffs
  9 slime creatures
  8 blink frogs (Lair:6)
  12 dream sheep
  Sigmund (D:3)
  3 spriggans
  54 yaks
  A shadow (D:11)
  5 wyverns
  8 redbacks (Spider:1)
  A vampire (D:10)
  4 tarantellas (Spider:1)
  A fire elemental (Volcano)
  2 basilisks
  A steam dragon (Lair:4)
  20 vampire mosquitoes
  6 wargs
  Menkaure (D:7)
  12 swamp worms
  13 water moccasins
  12 porcupines
  5 ice beasts
  40 orc warriors
  3 slaves (D:6)
  4 swamp drakes (Swamp:1)
  A phantom (D:5)
  2 sky beasts
  14 ogres
  8 wolves
  7 centaurs
  11 crocodiles
  A big kobold (D:8)
  Blork the orc (D:6)
  9 bullfrogs
  2 earth elementals (Volcano)
  A killer bee (D:11)
  4 wights
  An electric eel (Lair:1)
  4 howler monkeys
  3 crimson imps
  2 bullfrog zombies
  4 hounds
  15 orc priests
  A gnoll shaman (D:5)
  Crazy Yiuf (D:3)
  11 orc wizards
  2 bullfrog skeletons (D:8)
  An iguana (D:8)
  Terence (D:3)
  Natasha (thrice) (D:3)
  13 worker ants
  2 hound zombies
  A hound skeleton (D:11)
  7 adders
  4 gnolls (D:5)
  2 shadow imps
  A white imp (D:7)
  An ooze (D:2)
  An adder skeleton (D:8)
  2 adder zombies
  2 worms (D:3)
  2 dart slugs
  4 leopard geckos
  55 orcs
  4 ball pythons
  4 giant cockroaches
  4 hobgoblins
  7 jackals
  6 quokkas
  6 bats
  10 frilled lizards
  5 goblins
  2 jackal skeletons
  9 kobolds
  A leopard gecko skeleton (D:4)
  6 rats
  A fungus (Lair:5)
  A plant (Lair:1)
662 creatures vanquished.

Vanquished Creatures (others)
  A spriggan (Swamp:1)
  A slave (D:6)
  3 bushes (D:9)
  32 fungi
  35 plants
72 creatures vanquished.

Grand Total: 734 creatures vanquished

Notes
Turn   | Place    | Note
-------+----------+-------------------------------------------
     0 | D:1      | Majang the Barachi Ice Elementalist began the quest for the
                  | Orb.
     0 | D:1      | Reached XP level 1. HP: 13/13 MP: 3/3
   192 | D:1      | Reached skill level 5 in Ice Magic
   226 | D:1      | Reached XP level 2. HP: 19/19 MP: 2/5
   401 | D:1      | Reached skill level 3 in Spellcasting
  1088 | D:2      | Reached XP level 3. HP: 24/24 MP: 5/7
  1112 | D:2      | Learned a level 3 spell: Ozocubu's Armour
  1116 | D:2      | Learned a level 3 spell: Frozen Ramparts
  1384 | D:2      | Found a stormy altar of Qazlal.
  1603 | D:2      | Found a faded altar of an unknown god.
  2301 | D:3      | Noticed Natasha
  2309 | D:3      | Killed Natasha
  2309 | D:3      | Reached XP level 4. HP: 28/31 MP: 2/9
  2390 | D:3      | Found an ancient bone altar of Kikubaaqudgha.
  2462 | D:3      | Noticed Sigmund
  2505 | D:3      | Gained mutation: You have large cloven feet. [potion of
                  | mutation]
  2505 | D:3      | Gained mutation: Your mind is acute. (Int +2) [potion of
                  | mutation]
  2505 | D:3      | Gained mutation: You are robust. (+10% HP) [potion of
                  | mutation]
  2505 | D:3      | Killed Sigmund
  2505 | D:3      | Reached skill level 1 in Fighting
  2505 | D:3      | Reached skill level 1 in Maces & Flails
  2505 | D:3      | Reached skill level 1 in Shields
  2505 | D:3      | Reached skill level 4 in Spellcasting
  2505 | D:3      | Reached skill level 1 in Charms
  2505 | D:3      | Reached XP level 5. HP: 19/41 MP: 4/11
  2505 | D:3      | Reached XP level 6. HP: 23/48 MP: 4/12
  2515 | D:3      | Learned a level 4 spell: Hailstorm
  2790 | D:3      | Noticed Terence
  2798 | D:3      | Killed Terence
  3141 | D:3      | Noticed Natasha
  3173 | D:3      | Killed Natasha
  3623 | D:3      | Noticed Natasha
  3627 | D:3      | Killed Natasha
  3708 | D:3      | Found a runed translucent door.
  3709 | D:3      | Noticed Crazy Yiuf
  3717 | D:3      | Killed Crazy Yiuf
  4025 | D:4      | Reached skill level 1 in Conjurations
  4396 | D:4      | Reached XP level 7. HP: 56/56 MP: 4/13
  5004 | D:5      | Entered Level 5 of the Dungeon
  5020 | D:5      | Found a staircase to the Ecumenical Temple.
  5030 | Temple   | Entered the Ecumenical Temple
  5038 | Temple   | Became a worshipper of Vehumet
  5242 | D:5      | Reached skill level 1 in Axes
  5748 | D:5      | Reached skill level 5 in Spellcasting
  5987 | D:6      | Reached XP level 8. HP: 53/63 MP: 8/15
  6106 | D:6      | Noticed Pikel
  6114 | D:6      | Killed Pikel
  6364 | D:6      | Noticed Blork the orc
  6372 | D:6      | Killed Blork the orc
  6964 | D:7      | Noticed Menkaure
  7203 | D:7      | Killed Menkaure
  7203 | D:7      | Reached skill level 6 in Spellcasting
  7203 | D:7      | Reached XP level 9. HP: 71/71 MP: 5/18
  7342 | D:7      | Reached * piety under Vehumet
  7342 | D:7      | Offered knowledge of Shock by Vehumet.
  7352 | D:7      | Learned a level 1 spell: Sandblast
  8263 | D:7      | Reached skill level 1 in Earth Magic
  8383 | D:7      | Noticed Harold
  8403 | D:7      | Killed Harold
  8403 | D:7      | Reached skill level 5 in Fighting
  8403 | D:7      | Reached skill level 5 in Dodging
  8403 | D:7      | Reached skill level 7 in Spellcasting
  8781 | D:7      | Noticed a troll
  8789 | D:7      | Killed a troll
  9037 | D:8      | Noticed a two-headed ogre
  9086 | D:8      | Reached XP level 10. HP: 51/81 MP: 4/21
  9524 | D:8      | Found a glowing golden altar of the Shining One.
  9537 | D:8      | Offered knowledge of Searing Ray by Vehumet.
  9560 | D:8      | Killed a two-headed ogre
  9560 | D:8      | Reached skill level 5 in Conjurations
  9610 | D:8      | Reached ** piety under Vehumet
 10330 | D:8      | Reached skill level 8 in Spellcasting
 10837 | D:9      | Reached skill level 5 in Axes
 11597 | D:9      | Reached XP level 11. HP: 91/91 MP: 16/23
 11603 | D:9      | Learned a level 3 spell: Stone Arrow
 11609 | D:9      | Learned a level 5 spell: Lee's Rapid Deconstruction
 11621 | D:9      | Offered knowledge of Mephitic Cloud by Vehumet.
 11731 | D:9      | Reached *** piety under Vehumet
 11731 | D:9      | Reached skill level 9 in Spellcasting
 11841 | D:9      | Found a staircase to the Lair.
 12095 | Lair:1   | Entered Level 1 of the Lair of Beasts
 12797 | Lair:1   | Noticed an oklob plant
 12797 | Lair:1   | Noticed a seven-headed hydra
 12797 | Lair:1   | Noticed an oklob plant
 12813 | Lair:1   | Killed a seven-headed hydra
 13068 | Lair:1   | Noticed a four-headed hydra
 13078 | Lair:1   | Killed a four-headed hydra
 13828 | Lair:1   | Reached skill level 5 in Earth Magic
 14520 | Lair:2   | Noticed an eight-headed hydra
 14529 | Lair:2   | Killed an eight-headed hydra
 14771 | Lair:2   | Got a scintillating brass ring
 14776 | Lair:2   | Identified the ring "Kunlikes" {+Blink rPois rC+} (You
                  | found it on level 2 of the Lair of Beasts)
 14799 | Lair:2   | Reached XP level 12. HP: 89/100 MP: 14/25
 14908 | Lair:2   | Reached skill level 10 in Spellcasting
 14912 | Lair:2   | Offered knowledge of Airstrike by Vehumet.
 15124 | Lair:2   | Found a large runed translucent door.
 15125 | Lair:2   | Found a hole to the Spider Nest.
 15137 | Lair:2   | Found a large runed translucent door.
 15140 | Lair:2   | Noticed CryoSword's ghost (journeyman CeHu)
 16322 | Lair:3   | Reached skill level 10 in Ice Magic
 16352 | Lair:3   | Noticed a four-headed hydra
 16367 | Lair:3   | Killed a four-headed hydra
 16384 | Lair:3   | Reached **** piety under Vehumet
 16826 | Lair:3   | Noticed a five-headed hydra
 16832 | Lair:3   | Killed a five-headed hydra
 16953 | Lair:3   | Offered knowledge of Static Discharge by Vehumet.
 17635 | Lair:4   | Reached skill level 11 in Spellcasting
 18021 | Lair:4   | Found a staircase to the Swamp.
 18131 | Lair:4   | Gained mutation: You can hop long distances. [Barachi
                  | growth]
 18131 | Lair:4   | Reached XP level 13. HP: 110/110 MP: 20/28
 18573 | Lair:4   | Upgraded the game from 0.25-a0-719-gde951dce62 to
                  | 0.25-a0-729-g14964f1db5
 21075 | Lair:5   | Reached skill level 12 in Spellcasting
 21075 | Lair:5   | Reached ***** piety under Vehumet
 21075 | Lair:5   | Offered knowledge of Irradiate by Vehumet.
 22422 | Lair:6   | Entered Level 6 of the Lair of Beasts
 22620 | Lair:6   | Reached skill level 10 in Fighting
 22926 | Lair:6   | Reached XP level 14. HP: 75/121 MP: 9/30
 23828 | Lair:6   | Found a runed translucent door.
 23828 | Lair:6   | Found a viscous altar of Jiyva.
 24521 | Lair:6   | Reached skill level 10 in Dodging
 24770 | Lair:6   | Found a runed translucent gate.
 24770 | Lair:6   | Found a runed translucent gate.
 24770 | Lair:6   | Found a runed translucent gate.
 24773 | Lair:6   | Noticed ylver's ghost (adept DrFE)
 24834 | Lair:6   | Noticed an acid blob
 24839 | Lair:6   | Found a staircase to the Slime Pits.
 24839 | Lair:6   | Noticed an acid blob
 24839 | Lair:6   | Noticed an acid blob
 25381 | Lair:6   | Reached skill level 13 in Spellcasting
 26955 | Lair:6   | Upgraded the game from 0.25-a0-729-g14964f1db5 to
                  | 0.25-a0-731-g0472a16d6a
 27442 | D:10     | Entered Level 10 of the Dungeon
 27826 | D:10     | Found a staircase to the Orcish Mines.
 28745 | D:10     | Identified the +5 battleaxe of Imminent Death {pain, rElec
                  | Dex-4 SInv Stlth+} (You found it on level 10 of the
                  | Dungeon)
 28778 | Orc:1    | Entered Level 1 of the Orcish Mines
 28891 | Orc:1    | Reached skill level 1 in Evocations
 29476 | Orc:1    | Noticed an orc warlord
 29480 | Orc:1    | Offered knowledge of Iskenderun's Mystic Blast by Vehumet.
 29484 | Orc:1    | Killed an orc warlord
 29762 | Orc:1    | Reached XP level 15. HP: 130/130 MP: 16/32
 30382 | Orc:2    | Entered Level 2 of the Orcish Mines
 30401 | Orc:2    | Found a roughly hewn altar of Beogh.
 30491 | Orc:2    | Found a roughly hewn altar of Beogh.
 30691 | Orc:2    | Found a staircase to the Elven Halls.
 30704 | Orc:2    | Found a dark tunnel.
 30712 | Volcano  | Entered a volcano
 31639 | Orc:2    | Found Segruck's General Store.
 32002 | Orc:2    | Reached skill level 14 in Spellcasting
 32168 | Orc:2    | Found a gateway to a bazaar.
 32174 | Bazaar   | Entered a bazaar
 32174 | Bazaar   | Found Urof's Distillery.
 32187 | Bazaar   | Found Jukoeg's Antique Weapon Shop.
 32207 | Bazaar   | Found Tosh's Antique Armour Shop.
 32250 | Bazaar   | Bought a jewelled broad axe for 234 gold pieces
 32250 | Bazaar   | Identified the +11 broad axe of Battle {freeze, Str+3 Int-3
                  | Dex+3} (You bought it in a shop in a bazaar)
 32267 | Bazaar   | Bought a potion of might for 48 gold pieces
 32267 | Bazaar   | Bought a potion of curing for 36 gold pieces
 32267 | Bazaar   | Bought a potion of magic for 96 gold pieces
 32267 | Bazaar   | Bought a potion of brilliance for 48 gold pieces
 32267 | Bazaar   | Bought a potion of brilliance for 48 gold pieces
 32267 | Bazaar   | Bought a potion of curing for 36 gold pieces
 32267 | Bazaar   | Bought a potion of ambrosia for 96 gold pieces
 32535 | Orc:2    | Found Bati's Jewellery Shop.
 32646 | Orc:2    | Noticed an orc warlord
 32660 | Orc:2    | Killed an orc warlord
 32746 | Orc:2    | Found Ikhlonkomm's Antique Armour Boutique.
 32779 | Orc:2    | Paralysed by an orc sorcerer for 2 turns
 33068 | Orc:2    | Found Dyjuopaf's Antique Weapon Boutique.
 33469 | Orc:2    | Bought a brightly glowing leather armour for 210 gold
                  | pieces
 33469 | Orc:2    | Bought an embroidered robe for 111 gold pieces
 33489 | Orc:2    | Identified the +1 leather armour of Nihilism {*Slow rPois
                  | rC++ Regen+ Dex-2} (You bought it in a shop on level 2 of
                  | the Orcish Mines)
 33509 | Orc:2    | Bought a potion of heal wounds for 80 gold pieces
 33509 | Orc:2    | Bought a potion of heal wounds for 80 gold pieces
 33509 | Orc:2    | Bought a wand of acid (11) for 480 gold pieces
 33509 | Orc:2    | Bought a scroll of magic mapping for 56 gold pieces
 33509 | Orc:2    | Bought 2 scrolls of identify for 64 gold pieces
 33994 | D:11     | Reached skill level 5 in Charms
 34110 | D:11     | Noticed Nergalle
 34117 | D:11     | Killed Nergalle
 34267 | D:11     | Noticed Gastronok
 34274 | D:11     | Killed Gastronok
 34787 | Spider:1 | Entered Level 1 of the Spider Nest
 35198 | Spider:1 | Offered knowledge of Starburst by Vehumet.
 35406 | Spider:1 | Found a one-way gate to the infinite horrors of the Abyss.
 35406 | Spider:1 | Noticed Xoang's ghost (journeyman DgFi)
 35435 | Spider:1 | Found a transporter.
 35438 | Spider:1 | Found a transporter.
 35466 | Spider:1 | Noticed a cacodemon
 35972 | Lair:2   | Killed CryoSword's ghost
 36391 | Lair:6   | Got a crystal double sword
 36399 | Lair:6   | Identified the +12 double sword of Due Proportion {flame,
                  | +Blink rF+ Str+4} (You found it on level 6 of the Lair of
                  | Beasts)
 36598 | Lair:6   | Killed ylver's ghost
 36670 | Swamp:1  | Entered Level 1 of the Swamp
 36968 | Swamp:1  | Reached XP level 16. HP: 130/139 MP: 31/34
 37306 | Swamp:1  | Found a sacrificial altar of Ru.
 37685 | Swamp:2  | Reached skill level 5 in Evocations
 38204 | Swamp:1  | Learned a level 6 spell: Statue Form
 38725 | Swamp:3  | Noticed a thorn hunter
 38742 | Swamp:2  | Reached skill level 1 in Transmutations
 38742 | Swamp:2  | Reached skill level 10 in Earth Magic
 38965 | Swamp:2  | Mangled by a thorn hunter

Levels and vault maps discovered:
D:1:      minmay_arrival_hallway, layout_basic
D:2:      layout_loops_ring, chequers_ecumenical_altar_grove, serial_glass,
          glass_columns_b, glass_columns_a, item_on_display_a,
          skrybe_limestone_x, nicolae_qazlal_eye_of_the_storm
D:3:      layout_basic, old_standard_altar, minmay_lizard_king,
          uniq_crazy_yiuf_cottage, uniq_sigmund, uniq_terence, uniq_natasha
D:4:      layout_basic, first_ration
D:5:      layout_loops_ring, minmay_temple_entry_waves
D:6:      layout_cave_pools, hex_large, uniq_pikel, uniq_blork_the_orc
D:7:      layout_rooms, grunt_ogre_cave, minmay_fire_ice_demons, uniq_harold,
          uniq_menkaure
D:8:      layout_gridville, basic_altar
D:9:      layout_cave_pools, minmay_lair_entry_grove, kb_lookout_dungeons_type,
          grunt_decor_one_mirror, kennysheep_generic_room_14
D:10:     layout_loops_ring, orc_david_3, kennysheep_just_a_vault
D:11:     layout_loops_ring, small_chamber_with_monster,
          minmay_shattered_shrine, uniq_gastronok, uniq_nergalle
Temple:   nicolae_temple_the_god_donut
Lair:1:   layout_cave_pods, minmay_lair_oklob_chamber, grunt_megastairs_5,
          serial_bayou_shore_b, serial_bayou_shore_a, lemuel_fruit_tree
Lair:2:   layout_gridlike, dummy_spider_entry, ebering_ghost_disaster_area
Lair:3:   layout_loops_ring, serial_bayou_pond_c, infiniplex_staircase_pool
Lair:4:   layout_loops_ring, nicolae_swamp_entry_splash_gauntlet, worms_lemuel,
          infiniplex_staircase_pool_2
Lair:5:   beast_lair_carwin_large_1, layout_regular_city
Lair:6:   evilmike_catoblepas_cave, layout_hall_layers, slime_altar_2,
          gammafunk_ghost_hydra_chop, nicolae_lair_grove_arrangements,
          nicolae_quartered_pool_little
Swamp:1:  layout_basic_swamp, basic_altar, swamp_pool4
Swamp:2:  layout_basic_swamp, nicolae_swamp_dense_foliage, swamp_pool3
Swamp:3:  cheibrodos_swamp_mausoleum, layout_basic_swamp,
          evilmike_swamp_ruin_wall
Spider:1: layout_spider_delve, gammafunk_ghost_abyssal_escape
Orc:1:    layout_diamond_mine
Orc:2:    grunt_orc_gardens, layout_caves, grunt_orc_garden, grunt_orc_garden,
          grunt_orc_garden, grunt_orc_garden, basic_altar, serial_shops,
          statue_bzr, nicolae_volcano_entry_hallway, kennysheep_orc_chapel

Skill      XL: |  1  2  3  4  5  6  7  8  9 10 11 12 13 14 15 16 |
---------------+-------------------------------------------------+-----
Ice Magic      | 5 6 7 8 9 10 11 12 13 | 13.4
Spellcasting   | 3 4 5 6 7 8 9 11 12 13 14 | 14.8
Fighting       | 1 2 3 4 5 6 7 8 10 11 12 | 12.2
Maces & Flails | 1 |  1.9
Shields        | 1 2 3 4 |  4.0
Charms         | 1 2 3 5 6 |  6.0
Dodging        | 3 4 5 6 7 8 9 10 11 | 11.7
Conjurations   | 1 2 3 4 5 6 7 8 9 |  9.1
Axes           | 1 2 4 5 6 7 |  7.8
Earth Magic    | 2 4 5 6 7 8 9 10 | 10.0
Evocations     | 1 4 5 |  5.3
Transmutations | 1 |  1.3
Stealth        | |  1.7

Action                   |  1- 3 |  4- 6 |  7- 9 | 10-12 | 13-15 | 16-18 || total
-------------------------+-------+-------+-------+-------+-------+-------++-------
Melee: Whip              |    26 |       |       |    16 |       |       ||    42
       Mace              |     5 |    21 |       |       |       |       ||    26
       War axe           |       |    11 |    85 |       |       |       ||    96
       Kick              |       |     5 |    14 |       |       |       ||    19
       Flail             |       |       |    21 |   134 |   225 |    10 ||   390
       Hand axe          |       |       |       |    11 |    15 |     4 ||    30
       Broad axe         |       |       |       |       |    63 |   129 ||   192
       Double sword      |       |       |       |       |     3 |     2 ||     5
Throw: Javelin           |       |     5 |    16 |    16 |     6 |       ||    43
       Stone             |       |       |       |     5 |       |       ||     5
 Cast: Freeze            |    50 |    25 |     4 |    53 |    20 |       ||   152
       Frozen Ramparts   |     4 |    13 |    30 |    71 |   111 |       ||   229
       Ozocubu's Armour  |       |    18 |    32 |    88 |   151 |    21 ||   310
       Hailstorm         |       |       |     2 |    28 |    44 |    14 ||    88
       Sandblast         |       |       |    19 |   153 |   175 |     5 ||   352
       Lee's Rapid Decon |       |       |       |    10 |    98 |       ||   108
       Stone Arrow       |       |       |       |     9 |   320 |    30 ||   359
 Abil: Hop               |       |       |     1 |     3 |     9 |       ||    13
Evoke: Wand              |       |       |       |     3 |     8 |     1 ||    12
       Lightning rod     |       |       |       |       |     4 |       ||     4
  Use: Potion            |     1 |     2 |       |     4 |     8 |       ||    15
       Scroll            |       |     5 |     1 |    16 |    15 |       ||    37
 Stab: Sleeping          |       |     1 |       |       |       |       ||     1
       Confused          |       |       |       |       |       |     3 ||     3
  Eat: Chunk             |     6 |     8 |    16 |    20 |    40 |     5 ||    95
       Ration            |       |       |     1 |     4 |     8 |     1 ||    14
Armor: Robe              |    12 |    13 |    53 |    68 |    81 |       ||   227
       Troll leather arm |       |       |       |       |    78 |    71 ||   149
       Fire dragon scale |       |       |       |       |    10 |       ||    10
Dodge: Dodged            |    47 |    30 |   100 |   232 |   478 |   291 ||  1178
Block: Buckler           |       |    11 |    39 |    72 |   144 |    60 ||   326
       Rpst.: Double sword |       |       |       |       |     2 |     1 ||     3

Table legend:
 A = Non-vault XP
 B = Vault XP
 C = Vault XP percentage of total XP
 D = Non-vault monster count
 E = Vault monster count
 F = Vault count percentage of total count
                 A         B        C        D         E       F
            +---------+---------+-------+---------+---------+-------
      Total |   93890 |   54336 |  36.7 |     517 |     141 |  21.4
            +---------+---------+-------+---------+---------+-------
        D:1 |      33 |       0 |   0.0 |      20 |       0 |   0.0
        D:2 |      41 |       0 |   0.0 |      14 |       0 |   0.0
        D:3 |     126 |     350 |  73.5 |      15 |       9 |  37.5
        D:4 |     193 |       0 |   0.0 |      11 |       0 |   0.0
        D:5 |     449 |       0 |   0.0 |      19 |       0 |   0.0
        D:6 |     307 |     745 |  70.8 |       8 |       2 |  20.0
        D:7 |    1102 |    1319 |  54.5 |      18 |       5 |  21.7
        D:8 |    2870 |       0 |   0.0 |      42 |       0 |   0.0
        D:9 |    1474 |    2254 |  60.5 |      17 |      14 |  45.2
       D:10 |    3236 |    1282 |  28.4 |      26 |       8 |  23.5
       D:11 |     454 |    5566 |  92.5 |       3 |      11 |  78.6
     Lair:1 |    4050 |    2258 |  35.8 |      14 |       4 |  22.2
     Lair:2 |    4561 |    1161 |  20.3 |      17 |       1 |   5.6
     Lair:3 |    6953 |       0 |   0.0 |      29 |       0 |   0.0
     Lair:4 |    7439 |    8056 |  52.0 |      25 |      18 |  41.9
     Lair:5 |    9420 |     425 |   4.3 |      30 |       2 |   6.2
     Lair:6 |   12319 |   14968 |  54.9 |      35 |      26 |  42.6
    Swamp:1 |   13470 |       0 |   0.0 |      43 |       0 |   0.0
    Swamp:2 |    9965 |       0 |   0.0 |      30 |       0 |   0.0
   Spider:1 |    5902 |       0 |   0.0 |      20 |       0 |   0.0
      Orc:1 |    7423 |     165 |   2.2 |      58 |       1 |   1.7
      Orc:2 |    2103 |   13179 |  86.2 |      23 |      34 |  59.6
    Volcano |       0 |    2608 | 100.0 |       0 |       6 | 100.0
            +---------+---------+-------+---------+---------+-------
